AoeStats
← yunn champ yunn

Arabia

510161990Analyzed
1v1 RM · 4d ago on Sep 29, 2026· 52m 59s· 2 players
Game mode
Random Map
Map size
Tiny (2 player)
Population
200
Speed
Normal
Resources
Standard
Victory
Conquest
Starting age
Dark Age
Ending age
Imperial Age
RankedLock teamsTeams togetherTeam positionsShared explorationLock speedFull tech treeHidden civsTurbo modeCheats
Victory
Defeat
🇩🇪 Franks · Germany
641
+14
🇩🇪 Vietnamese · Germany
608
-14
ItsBridge7680
7:20 Loom
11:13 Feudal Age
11:39 Double-Bit Axe
12:45 Gold Mining
20:16 Scale Mail Armor
21:23 Wheelbarrow
24:17 Castle Age
23:18 Stone Mining
23:50 Forging
23:42 Padded Archer Armor
25:29 Bow Saw
25:36 Horse Collar
26:28 Pikeman
27:09 Squires
28:33 Elite Skirmisher
30:14 Chain Mail Armor
31:01 Iron Casting
31:27 Leather Archer Armor
36:08 Scale Barding Armor
36:57 Hand Cart
37:11 Fletching
39:14 Stone Shaft Mining
43:40 Imperial Age
44:09 Imperial Skirmisher
45:23 Ballistics
44:44 Crossbowman
46:37 Two-Man Saw
yunn champ yunn
4:21 Loom
11:01 Feudal Age
11:35 Double-Bit Axe
18:36 Castle Age
17:28 Scale Barding Armor
17:36 Forging
20:01 Bow Saw
19:44 Gold Mining
19:51 Fletching
20:23 Chain Barding Armor
20:05 Padded Archer Armor
20:43 Iron Casting
21:49 Husbandry
24:23 Stone Mining
25:46 Gold Shaft Mining
31:14 Wheelbarrow
32:41 Hand Cart
33:48 Ordonnance Companies
38:48 Imperial Age
36:36 Bodkin Arrow
36:57 Leather Archer Armor
37:26 Ballistics
42:40 Cranequins
43:25 Elite Throwing Axeman
Connection lost

Rejoining the realm…

Still unreachable

The connection could not be restored.

Session expired

The server has moved on; the page needs a fresh start.